 Dungeon Crawl Stone Soup version 0.20.1-1-g8b1a95d (webtiles) character file.

109 RKaid the Stinger (level 5, 0/38 HPs)
             Began as a Formicid Venom Mage on Aug 2, 2017.
             Slain by an ogre
             ... wielding a +0 giant spiked club
              (3 damage)
             ... on level 5 of the Dungeon.
             The game lasted 00:12:18 (4254 turns).

RKaid the Stinger (Formicid Venom Mage)             Turns: 4254, Time: 00:12:19

Health: 0/38       AC:  7    Str: 13    XL:     5   Next: 13%
Magic:  8/8        EV:  9    Int: 15    God:
Gold:   133        SH:  0    Dex: 11    Spells: 7/8 levels left

rFire    . . .     SeeInvis +   a - +0 flail
rCold    + . .     Gourm    .   (no shield)
rNeg     . . .     Faith    .   y - +0 scale mail {rC+}
rPois    .         Spirit   .   (helmet unavailable)
rElec    .         Reflect  .   e - +0 cloak
rCorr    .         Harm     .   (no gloves)
MR       .....                  (no boots)
Stlth    +.........             (no amulet)
Regen    0.2/turn               (no ring)
MPRegen  0.2/turn               (no ring)

@: no status effects
A: permanent stasis, dig shafts and tunnels, four strong arms, antennae 3
a: Dig, Shaft Self


You were on level 5 of the Dungeon.
You were very hungry.

You visited 1 branch of the dungeon, and saw 5 of its levels.

You collected 133 gold pieces.

Inventory:

Hand Weapons
 a - a +0 flail (weapon)
   (You took it off an orc on level 2 of the Dungeon)
 b - a +0 hunting sling
   (You found it on level 1 of the Dungeon)
 d - a +0 whip
   (You found it on level 1 of the Dungeon)
 g - a +0 mace
   (You found it on level 1 of the Dungeon)
Missiles
 c - 15 sling bullets
 k - 67 stones (quivered)
Armour
 e - a +0 cloak (worn)
   (You found it on level 1 of the Dungeon)
 y - a +0 scale mail of cold resistance (worn)
   (You found it on level 3 of the Dungeon)
Scrolls
 i - a scroll of identify
 l - a scroll of amnesia {unknown}
 m - a scroll of recharging
 n - a scroll of fog {unknown}
 o - 2 scrolls of remove curse
 p - a scroll of blinking {unknown}
 t - a scroll of random uselessness {unknown}
 u - a scroll of immolation {unknown}
Potions
 j - a potion of lignification {unknown}
 r - a potion of magic
 v - a potion of flight
Books
 f - a Young Poisoner's Handbook
 q - the Papyrus of Battle Magic and the Rocks
   (You found it on level 5 of the Dungeon)

   Spells                             Type                      Level
   a - Flame Tongue                   Conjuration/Fire             1
   b - Conjure Flame                  Conjuration/Fire             3
   c - Force Lance                    Conjuration/Translocation    4
   d - Bolt of Draining               Conjuration/Necromancy       5
   e - Statue Form                    Transmutation/Earth          6
Comestibles
 h - 4 meat rations
 s - a bread ration


   Skills:
 + Level 1.8 Fighting
 * Level 2.2 Maces & Flails
 - Level 1.7 Dodging
 - Level 2.4 Stealth
 - Level 2.1 Spellcasting
 - Level 2.0 Conjurations
 - Level 5.0 Poison Magic


You had 7 spell levels left.
You knew the following spells:

 Your Spells              Type           Power        Failure   Level  Hunger
a - Sting                 Conj/Pois      ##..         26%         1    #......


Dungeon Overview and Level Annotations

Branches:
Dungeon (6/15)
 Temple: D:4-7

Altars:

Annotations:
D:3 Peloso's ghost, amateur DsFi


Innate Abilities, Weirdness & Mutations

You cannot be hasted, slowed, berserked, paralysed or teleported.
You can dig through walls and to a lower floor.
Your four strong arms can wield two-handed weapons with a shield.
You have a pair of large antennae on your head. (SInv)


Message History

You now have 113 gold pieces (gained 9).
Unknown command.
As you open the door, it creaks loudly!
There is an open door here.
You open the door.
There is an open door here.
You open the door.
There is an open door here.
You now have 128 gold pieces (gained 15).
s - a bread ration You open the door.
A worker ant comes into view.
The worker ant twitches its antennae in your direction.
There is an open door here.
The worker ant barely misses you.
You closely miss the worker ant. The worker ant barely misses you.
The worker ant bites you.
You hit the worker ant.
The worker ant bites you but does no damage.
You closely miss the worker ant.
The worker ant bites you but does no damage.
The worker ant barely misses you.
Your scale mail prevents you from hitting the worker ant.
The worker ant bites you.
You are poisoned.
The worker ant poisons you!
You closely miss the worker ant.
You feel sick.
The worker ant bites you but does no damage. x2
You hit the worker ant but do no damage.
You feel sick. The worker ant bites you.
You are more poisoned.
The worker ant poisons you!
You hit the worker ant.
You feel sick.
The worker ant bites you but does no damage.
The worker ant closely misses you.
You sock the worker ant!
You feel sick. The worker ant bites you. x2
You barely miss the worker ant.
You feel sick.
The worker ant bites you but does no damage.
You hit the worker ant but do no damage.
You feel sick. The worker ant barely misses you.
The worker ant bites you but does no damage.
You barely miss the worker ant.
You feel sick. The worker ant closely misses you.
You hit the worker ant.
You kill the worker ant!
Your Maces & Flails skill increases to level 2!
You have reached level 5!
You feel sick.
You start resting.
You feel sick. x8
You are no longer poisoned.
You start resting.
You are feeling hungry.
You start resting.
You open the door.
There is an open door here.
You now have 133 gold pieces (gained 5).
You open the door.
There is an open door here.
An ogre comes into view. It is wielding a giant spiked club.
The ogre shouts!
There is an open door here.
A hound zombie comes into view.
b - a +0 hunting sling (weapon)
Firing (i - inventory. (,) - cycle):
c - 17 sling bullets (quivered)
Press: ? - help, Shift-Dir - straight line, f - ogre
Aim: an ogre, wielding a giant spiked club You shoot a sling bullet.
The sling bullet barely misses the ogre.
Firing (i - inventory. (,) - cycle):
c - 16 sling bullets (quivered)
Press: ? - help, Shift-Dir - straight line, f/p - ogre
Aim: an ogre, wielding a giant spiked club You shoot a sling bullet.
The sling bullet hits the ogre.
The hound zombie bites you but does no damage.
a - a +0 flail (weapon)
You hit the ogre. The hound zombie bites you.
The ogre hits you with a giant spiked club!
The hound zombie closely misses you.
You hit the ogre.
You are feeling very hungry.
The hound zombie bites you. The ogre barely misses you.
The hound zombie bites you but does no damage.
You barely miss the ogre.
The hound zombie bites you but does no damage.
The ogre hits you with a giant spiked club!
The hound zombie bites you but does no damage.
You hit the ogre.
The hound zombie bites you but does no damage.
The ogre closely misses you.
You hit the ogre.
The hound zombie bites you but does no damage.
The ogre hits you with a giant spiked club!
* * * LOW HITPOINT WARNING * * *
The hound zombie bites you but does no damage.
Are you sure you want to shaft yourself?
You feel quite a bit more hungry.
The hound zombie bites you but does no damage.
You begin to dig a shaft.
You continue digging a shaft.
The ogre hits you with a giant spiked club.
You die...

≈≈≈≈≈≈≈.....#
.........(.(#
#O.....#
#......######
##............
#....#(######
#.##.#.#
#.##.#O#
#.##.#@#
#.##.#Z#
#.##.#.#
#.##.#.#
#.##.#.#
#.##.#.# #.#
#..
###########.#
###
............#


You could see an ogre and a hound zombie.

Vanquished Creatures
  A worker ant (D:5)
  2 adders (D:2)
  2 worms (D:2)
  6 leopard geckos
  5 orcs (D:2)
  2 giant cockroaches
  11 goblins
  6 hobgoblins
  6 kobolds
  A quokka (D:2)
  A bat (D:1)
  A frilled lizard (D:2)
  5 rats
49 creatures vanquished.

Notes
Turn   | Place    | Note
-------+----------+-------------------------------------------
     0 | D:1      | RKaid the Formicid Venom Mage began the quest for the Orb.
     0 | D:1      | Reached XP level 1. HP: 13/13 MP: 3/3
    87 | D:1      | Reached skill level 1 in Conjurations
   378 | D:1      | Reached XP level 2. HP: 11/19 MP: 0/5
   923 | D:1      | Reached XP level 3. HP: 19/24 MP: 1/6
  1055 | D:1      | Reached skill level 2 in Conjurations
  1932 | D:2      | Reached skill level 5 in Poison Magic
  1973 | D:2      | Reached skill level 1 in Fighting
  1973 | D:2      | Reached XP level 4. HP: 19/32 MP: 5/7
  2273 | D:2      | Reached skill level 1 in Maces & Flails
  2615 | D:3      | Noticed Peloso's ghost (amateur DsFi)
  2957 | D:2      | HP: 8/32 [orc/short sword (2)]
  2962 | D:2      | HP: 2/32 [orc/flail (7)]
  3460 | D:3      | HP: 2/32 [orc wizard/puff of flame (9)]
  3463 | D:3      | You fall through a shaft for 3 floors!
  3807 | D:5      | Entered Level 5 of the Dungeon
  3816 | D:5      | Identified the Papyrus of Battle Magic and the Rocks
  3867 | D:5      | Reached skill level 2 in Maces & Flails
  3867 | D:5      | Reached XP level 5. HP: 13/38 MP: 8/8
  3876 | D:5      | HP: 9/38 [poisoned by a worker ant]
  3883 | D:5      | HP: 8/38 [poisoned by a worker ant]
  3891 | D:5      | HP: 7/38 [poisoned by a worker ant]
  4237 | D:5      | Noticed an ogre
  4252 | D:5      | HP: 3/38 [ogre/giant spiked club (11)]
  4254 | D:5      | Slain by an ogre

Skill      XL: |  1  2  3  4 |
---------------+-------------+-----
Conjurations   | 1 2 |  2.0
Poison Magic   | 5 |  5.0
Fighting       | 1 |  1.8
Maces & Flails | 2 |  2.2
Dodging        | |  1.7
Stealth        | |  2.4
Spellcasting   | |  2.1

Action                   |  1- 3 |  4- 6 || total
-------------------------+-------+-------++-------
Melee: Whip              |    54 |    13 ||    67
       Mace              |       |    39 ||    39
       Flail             |       |    32 ||    32
 Fire: Hunting sling     |    21 |    23 ||    44
 Cast: Sting             |    51 |       ||    51
 Abil: Dig               |       |     3 ||     3
       Shaft Self        |       |     2 ||     2
  Use: Potion            |     1 |       ||     1
       Scroll            |       |     6 ||     6
  Eat: Chunk             |     4 |     1 ||     5
       Fruit             |       |     2 ||     2
       Bread ration      |       |     1 ||     1
Armor: Leather armour    |     9 |       ||     9
       Scale mail        |    17 |    50 ||    67
Dodge: Dodged            |    30 |    57 ||    87

Table legend:
 A = Turns spent in this place as a percentage of turns spent in the entire game.
 B = Non-inter-level travel turns spent in this place as a percentage of non-inter-level travel turns spent in the entire game.
 C = Inter-level travel turns spent in this place as a percentage of turns spent in this place.
 D = Turns resting spent in this place as a percentage of non-inter-level travel turns spent in this place.
 E = Turns spent auto-exploring this place as a percentage of non-inter-level travel turns spent in this place.
 F = Non-inter-level travel turns spent in this place divided by the number of levels of this place that you've seen.
                   A       B       C       D       E      F
               +-------+-------+-------+-------+-------+----------------------
         Total | 100.0 | 100.0 |   0.4 |   5.6 |   5.2 | 200.4
       Dungeon | 100.0 | 100.0 |   0.4 |   5.6 |   5.2 | 200.4
               +-------+-------+-------+-------+-------+----------------------

Table legend:
 A = Kills in this place as a percentage of kills in entire the game.
 B = Kills by you in this place as a percentage of kills by you in the entire game.
 C = Kills by friends in this place as a percentage of kills by friends in the entire game.
 D = Other kills in this place as a percentage of other kills in the entire game.
 E = Experience gained in this place as a percentage of experience gained in the entire game.
 F = Experience gained in this place divided by the number of levels of this place that you have seen.
                   A       B       C       D       E      F
               +-------+-------+-------+-------+-------+----------------------
         Total | 100.0 | 100.0 |  -nan |  -nan | 100.0 |  31.4
       Dungeon | 100.0 | 100.0 |  -nan |  -nan | 100.0 |  31.4
               +-------+-------+-------+-------+-------+----------------------
